 Dungeon Crawl Stone Soup version 0.19.0-22-gd96e5fe (webtiles) character file.

342 smedtjen the Firebug (level 6, -2/37 HPs)
             Began as a High Elf Fire Elementalist on Nov 19, 2016.
             Was an Initiate of Vehumet.
             Slain by Duvessa
             ... wielding a +0 short sword
              (5 damage)
             ... on level 4 of the Dungeon.
             The game lasted 00:29:54 (4868 turns).

smedtjen the Firebug (High Elf Fire Elementalist)   Turns: 4868, Time: 00:29:55

Health: -2/37      AC:  5    Str:  7    XL:     6   Next: 30%
Magic:  1/13       EV: 13    Int: 21    God:    Vehumet [......]
Gold:   264        SH:  0    Dex: 16    Spells: 2 memorised, 10 levels left

rFire  . . .     SeeInvis .     h - +3 dagger (protect)
rCold  . . .     Gourm    +     d - +1 leather armour
rNeg   . . .     Faith    .     (no shield)
rPois  .         Spirit   .     p - +0 helmet
rElec  .         Reflect  .     (no cloak)
rCorr  .         Harm     .     (no gloves)
MR     .....                    (no boots)
Stlth  ++........               f - amulet of the gourmand
                                (no ring)
                                m - ring of wizardry

@: lethally poisoned (-2 -> -5)
A: no striking features
a: Renounce Religion


You were on level 4 of the Dungeon.
You worshipped Vehumet.
Vehumet was noncommittal.
You were not hungry.

You visited 2 branches of the dungeon, and saw 6 of its levels.

You collected 264 gold pieces.

Inventory:

Hand Weapons
 g - a +0 dagger
 h - a +3 dagger of protection (weapon)
 q - a +3 mace
 r - a +1 falchion of holy wrath
 u - a +0 rapier
Missiles
 e - 170 stones (quivered)
 t - a throwing net
Armour
 a - a +0 robe
 d - a +1 leather armour (worn)
 j - a cursed -1 ring mail
 p - a +0 helmet (worn)
Jewellery
 f - an amulet of the gourmand (around neck)
 m - a ring of wizardry (left hand)
 n - an uncursed ring of protection from magic {unknown}
Scrolls
 c - a scroll of acquirement {unknown}
 x - 3 scrolls of enchant weapon
Potions
 i - 2 potions of heal wounds {unknown}
 k - 2 potions of ambrosia {unknown}
 l - 2 potions of curing {unknown}
 o - a potion of beneficial mutation {unknown}
 s - a potion of degeneration {unknown}
 v - a potion of agility {unknown}
Books
 b - a book of Flames

   Spells                             Type                      Level
   a - Flame Tongue                   Conjuration/Fire             1
   b - Throw Flame                    Conjuration/Fire             2
   c - Conjure Flame                  Conjuration/Fire             3
   d - Inner Flame                    Hexes/Fire                   3
   e - Sticky Flame                   Conjuration/Fire             4
   f - Fireball                       Conjuration/Fire             5
Comestibles
 z - a bread ration
 A - a slice of pizza


   Skills:
 + Level 0.4 Fighting
 + Level 0.5 Short Blades
 + Level 2.0 Armour
 + Level 3.1 Dodging
 + Level 2.7 Stealth
 + Level 4.3 Spellcasting
 + Level 2.5 Conjurations
 + Level 4.4 Fire Magic


You had 10 spell levels left.
You knew the following spells:

 Your Spells              Type           Power        Failure   Level  Hunger
a - Flame Tongue          Conj/Fire      ###..        1%          1    None
b - Throw Flame           Conj/Fire      ###...       3%          2    #......


Dungeon Overview and Level Annotations

Branches:
Dungeon (5/15)             Temple (1/1) D:4

Altars:
Ashenzari
Cheibriados
Dithmenos
Elyvilon
Fedhas
Gozag
Hepliaklqana
Kikubaaqudgha
Makhleb
Nemelex Xobeh
Okawaru
Qazlal
Ru
Sif Muna
Trog
Uskayaw
Vehumet
Xom
Zin
The Shining One

Shops:
D:5 (

Annotations:
D:4 Duvessa


Message History

Duvessa is severely wounded.
Duvessa misses you. The worker ant closely misses you.
You closely miss Duvessa.
Duvessa is severely wounded.
You feel sick. Duvessa hits you with a short sword!
* * * LOW HITPOINT WARNING * * *
The worker ant barely misses you. Duvessa completely misses you.
There are no items here.
As you read the scroll labeled XUUMER MATUORE, it crumbles to dust.
You feel blessed for a moment.
It was a scroll of remove curse.
The worker ant bites you.
* * * LOW HITPOINT WARNING * * *
Duvessa closely misses you. The worker ant bites you.
* * * LOW HITPOINT WARNING * * *
As you read the scroll labeled ZALYRA ZOINI, it crumbles to dust.
It is a scroll of recharging.
You aren't carrying any rechargeable items.
* * * LOW HITPOINT WARNING * * *
You feel sick. Duvessa hits you with a short sword.
You die...

#. #.### ....> #. ##.#.#
#. ..#.# a. #h#.# .# #.#
####e#a##.## #.#
#....@.#...### #.#
#.##.......... ..#
####.#.#......### ####.#
##.....###..##..#
.....###..(#.#.#...#####
.#.#.##......##..###...#
................)##.._.#
..####.####.......#....#
..#....)..#..####.'....#


You could see Duvessa (berserk), a hound and a worker ant.

Vanquished Creatures
  Eustachio (D:5)
  Dowan (D:4)
  A hound skeleton (D:4)
  2 adders
  5 gnolls
  An ooze (D:5)
  An adder skeleton (D:5)
  A worm (D:2)
  A dart slug (D:1)
  3 leopard geckos
  3 orcs
  A ball python (D:3)
  6 bats
  2 giant cockroaches
  5 goblins
  3 hobgoblins
  2 quokkas
  4 frilled lizards
  A jackal zombie (D:5)
  9 kobolds
  4 rats
57 creatures vanquished.

Notes
Turn   | Place    | Note
-------+----------+-------------------------------------------
     0 | D:1      | smedtjen the High Elf Fire Elementalist began the quest for the Orb.
     0 | D:1      | Reached XP level 1. HP: 11/11 MP: 4/4
   127 | D:1      | Reached XP level 2. HP: 17/17 MP: 0/6
   131 | D:1      | Learned a level 2 spell: Throw Flame
   396 | D:1      | Found a shattered altar of Ashenzari.
   685 | D:1      | Reached XP level 3. HP: 21/21 MP: 4/8
  2489 | D:3      | Found a sparkling altar of Nemelex Xobeh.
  2878 | D:3      | Reached XP level 4. HP: 26/27 MP: 7/9
  3083 | D:4      | Reached skill level 1 in Armour
  3248 | D:4      | Found a white marble altar of Elyvilon.
  3293 | D:4      | Found a shadowy altar of Dithmenos.
  3293 | D:4      | Found a white marble altar of Elyvilon.
  3293 | D:4      | Found a sacrificial altar of Ru.
  3360 | D:5      | Entered Level 5 of the Dungeon
  3412 | D:5      | Found a hazy altar of Hepliaklqana.
  3470 | D:5      | Found Piampy's Antique Weapon Emporium.
  3579 | D:5      | Noticed Eustachio
  3912 | D:5      | Killed Eustachio
  3912 | D:5      | Reached XP level 5. HP: 17/32 MP: 0/12
  3955 | D:5      | Reached XP level 6. HP: 25/37 MP: 3/13
  4259 | D:4      | Found a staircase to the Ecumenical Temple.
  4398 | Temple   | Entered the Ecumenical Temple
  4664 | Temple   | Became a worshipper of Vehumet
  4815 | D:4      | Found an opulent altar of Gozag.
  4815 | D:4      | Found a glowing silver altar of Zin.
  4848 | D:4      | Noticed Dowan
  4854 | D:4      | Noticed Duvessa
  4855 | D:4      | Killed Dowan
  4868 | D:4      | Slain by Duvessa

Skill      XL: |  1  2  3  4  5  6 |
---------------+-------------------+-----
Spellcasting   | 3 4 |  4.3
Armour         | 1 2 |  2.0
Conjurations   | 2 |  2.5
Fire Magic     | 4 |  4.4
Dodging        | 3 |  3.1
Fighting       | |  0.4
Short Blades   | |  0.5
Stealth        | |  2.7

Action                   |  1- 3 |  4- 6 || total
-------------------------+-------+-------++-------
Melee: Unarmed           |     2 |       ||     2
       Dagger            |    37 |    31 ||    68
 Cast: Flame Tongue      |    35 |    61 ||    96
       Throw Flame       |    13 |     5 ||    18
  Use: Scroll            |     3 |     6 ||     9
 Stab: Sleeping          |     3 |       ||     3
  Eat: Chunk             |     2 |     2 ||     4
       Bread ration      |     1 |     1 ||     2
Armor: Leather armour    |    21 |    31 ||    52
Dodge: Dodged            |    39 |    81 ||   120
